 Dungeon Crawl Stone Soup version 0.30-a0-626-gd6a5dd7a1f (webtiles) character file.

Game seed: 5905598790028290313

2191 NinjaNoafa the Magician (level 9, -4/65 HPs)
             Began as a Gnoll Fire Elementalist on Jan 11, 2023.
             Was an Initiate of Cheibriados.
             Shot with a sling bullet by Joseph (7 damage)
             ... on level 7 of the Dungeon.
             The game lasted 00:13:02 (9179 turns).

NinjaNoafa the Magician (Gnoll Fire Elementalist)   Turns: 9179, Time: 00:13:03

Health: -4/65      AC:  6    Str:  8    XL:     9   Next: 33%
Magic:  9/19       EV: 14    Int: 21    God:    Cheibriados [......]
Gold:   296        SH:  5    Dex: 13    Spells: 10/21 levels left

rFire   + . .      SeeInvis .    g - staff of fire
rCold   . . .      Faith    +    o - +0 buckler
rNeg    . . .      Spirit   .    a - +0 robe
rPois   .          Reflect  .    (no helmet)
rElec   .          Harm     .    E - +0 cloak
rCorr   .          Rampage  .    y - +1 pair of gloves
Will    .....                    d - +0 pair of boots
Stlth   +++                      B - amulet of faith
HPRegen 0.30/turn                u - ring of flight
MPRegen 0.16/turn                (no ring)

@: flying, very slow
A: fangs 1, strong nose, distributed training
a: Renounce Religion


You were on level 7 of the Dungeon.
You worshipped Cheibriados.
Cheibriados was noncommittal.
You visited 2 branches of the dungeon, and saw 8 of its levels.

You collected 296 gold pieces.

Inventory:

Missiles
 m - 32 poisoned darts
 v - 4 boomerangs
 A - 2 curare-tipped darts
Armour
 a - a +0 robe (worn)
 d - a +0 pair of boots (worn)
 o - a +0 buckler (worn)
 y - a +1 pair of gloves (worn)
 E - a +0 cloak (worn)
Magical Staves
 g - a staff of fire (weapon)
Jewellery
 u - a ring of flight (left hand)
 B - an amulet of faith (around neck)
Wands
 p - a wand of mindburst (9)
 w - a wand of charming (6)
 D - a wand of digging (8)
Scrolls
 c - 8 scrolls of identify {unknown}
 i - 3 scrolls of vulnerability
 j - a scroll of silence {unknown}
 k - 2 scrolls of fear
 l - a scroll of acquirement {unknown}
 n - a scroll of immolation {unknown}
 q - 2 scrolls of teleportation
 s - 2 scrolls of amnesia {unknown}
 t - a scroll of summoning {unknown}
 x - a scroll of enchant weapon {unknown}
 F - a scroll of poison {unknown}
 H - a scroll of torment {unknown}
Potions
 b - 2 potions of magic
 e - 2 potions of invisibility {unknown}
 f - 2 potions of heal wounds {unknown}
 h - 3 potions of brilliance {unknown}
 r - 2 potions of ambrosia {unknown}
 z - a potion of mutation {unknown}
 C - a potion of berserk rage {unknown}
 G - a potion of flight {unknown}


   Skills:
 + Level 4.3 Fighting
 + Level 4.3 Short Blades
 + Level 4.3 Long Blades
 + Level 4.3 Axes
 + Level 4.3 Maces & Flails
 + Level 4.3 Polearms
 + Level 4.3 Staves
 + Level 4.3 Ranged Weapons
 + Level 4.3 Throwing
 + Level 4.3 Armour
 + Level 6.3 Dodging
 + Level 6.1 Stealth
 + Level 4.3 Shields
 + Level 4.3 Unarmed Combat
 + Level 6.7 Spellcasting
 + Level 4.2 Conjurations
 + Level 3.5 Hexes
 + Level 3.5 Summonings
 + Level 3.5 Necromancy
 + Level 3.5 Translocations
 + Level 3.5 Transmutations
 + Level 6.6 Fire Magic
 + Level 3.5 Ice Magic
 + Level 3.5 Air Magic
 + Level 3.5 Earth Magic
 + Level 3.5 Poison Magic
 + Level 4.7 Invocations
 + Level 4.3 Evocations


You had 10 spell levels left.
You knew the following spells:

 Your Spells              Type           Power      Damage    Failure   Level
a - Foxfire               Conj/Fire      100%       2x1d9     1%          1
b - Scorch                Fire           100%       2d10      1%          2
c - Inner Flame           Hex/Fire       42%        N/A       4%          3
d - Kindle Blastsparks    Fire/Tloc/Air  78%        2d16      5%          3
e - Poisonous Vapours     Pois/Air       42%        N/A       4%          2

Your spell library contained the following spells:

 Spells                   Type           Power      Damage    Failure   Level
 Sting                    Tmut/Pois      84%        1d7       2%          1
 Flame Wave               Conj/Fire      44%        2d11      12%         4
 Olgreb's Toxic Radiance  Pois           21%        N/A       26%         4
 Passage of Golubria      Tloc           21%        N/A       26%         4
 Silence                  Hex/Air        10%        N/A       58%         5
 Lehudib's Crystal Spear  Conj/Erth      11%        10d4      100%        8


Dungeon Overview and Level Annotations

Branches:
Dungeon (7/15)             Temple (1/1) D:7

Altars:
Ashenzari
Cheibriados
Dithmenos
Elyvilon
Hepliaklqana
Kikubaaqudgha
Makhleb
Nemelex Xobeh
Okawaru
Qazlal
Sif Muna
Trog
Uskayaw
Wu Jian
Xom
Yredelemnul
Zin
The Shining One

Portals:
Abyss: D:6

Annotations:
D:6 2 transporters, bmack86's ghost, novice MiFi
D:7 Joseph


Innate Abilities, Weirdness & Mutations

You have very sharp teeth.
Your uncanny sense of smell can sniff out nearby items.
Your experience applies equally to all skills.


Message History

Joseph shoots a sling bullet.
The sling bullet hits you! The sling bullet freezes you.
The foxfire hits Joseph.
Joseph completely resists.
Joseph is lightly wounded.
Casting: Foxfire (safe; 1% risk of failure)
Confirm with . or Enter, or press ? or * to list all spells.
You feel a surge of power!
You conjure some foxfire!
Joseph shoots a sling bullet.
The sling bullet hits you! The sling bullet freezes you.
Casting: Foxfire (safe; 1% risk of failure)
Confirm with . or Enter, or press ? or * to list all spells.
You feel a surge of power!
You conjure some foxfire!
The foxfire hits Joseph but does no damage.
Joseph is lightly wounded.
The foxfire hits Joseph but does no damage.
Joseph is lightly wounded.
The foxfire hits Joseph.
Joseph resists.
Flame seeps out of Joseph.
Joseph is lightly wounded.
You are too injured to fight recklessly!
You are too injured to fight recklessly!
Casting: Foxfire (safe; 1% risk of failure)
Confirm with . or Enter, or press ? or * to list all spells.
You feel a surge of power!
You conjure some foxfire!
The foxfire hits Joseph.
Joseph resists.
Flame seeps out of Joseph.
Joseph is lightly wounded.
The foxfire hits Joseph.
Joseph resists.
Flame seeps out of Joseph.
Joseph is moderately wounded.
The foxfire hits Joseph but does no damage.
Joseph is moderately wounded.
Joseph is engulfed in blazing flames.
Flame seeps out of Joseph.
Joseph shoots a sling bullet.
The sling bullet hits you! The sling bullet freezes you.
Casting: Foxfire (safe; 1% risk of failure)
Confirm with . or Enter, or press ? or * to list all spells.
You feel a surge of power!
You conjure some foxfire!
Joseph is engulfed in blazing flames.
Flame seeps out of Joseph.
Joseph shoots a sling bullet.
The sling bullet hits you!!
* * * LOW HITPOINT WARNING * * *
The sling bullet freezes you!
You die...

##############
##............##
#...≈≈.≈≈≈≈≈≈..##
#.#.≈.......≈...#
#.#.≈)#####.≈.#v######
#)#.≈(#...).≈.#v@§...#
#.÷.≈.#._.#.≈.#vv§§..#
#.#.≈.....#.≈.#...§§.#
#.#.≈.#####)≈.........#
....≈.......≈.......@...
....≈≈≈≈≈≈≈≈≈...........
........................
..........##..######....
.....###......#


You could see Joseph (inner flame, ally target).

Vanquished Creatures
  2 orc warriors
  An ice beast (D:6)
  3 black bears
  2 sky beasts
  An ogre (D:5)
  A centaur (D:7)
  2 phantoms
  A kobold brigand (D:7)
  2 bullfrogs
  2 scorpions
  5 wights (D:6)
  2 hounds
  5 jellies
  A gnoll bouda (D:5)
  2 orc priests (D:6)
  Ijyb (D:3)
  7 gnolls
  7 adders
  A white imp (D:5)
  2 worms
  3 dart slugs
  12 orcs
  7 ball pythons
  11 bats
  8 endoplasms
  7 giant cockroaches
  6 goblins
  4 hobgoblins
  4 jackals
  6 quokkas
  3 frilled lizards (D:1)
  15 kobolds
  3 rats
139 creatures vanquished.

Vanquished Creatures (collateral kills)
  6 foxfires (D:2)
6 creatures vanquished.

Vanquished Creatures (others)
  531 foxfires
531 creatures vanquished.

Grand Total: 676 creatures vanquished

Notes
Turn   | Place    | Note
-------+----------+-------------------------------------------
     0 | D:1      | NinjaNoafa the Gnoll Fire Elementalist began the quest for
                  | the Orb.
     0 | D:1      | Reached XP level 1. HP: 13/13 MP: 6/6
   270 | D:1      | Reached XP level 2. HP: 9/19 MP: 0/7
   581 | D:1      | Learned a level 2 spell: Scorch
   717 | D:1      | Reached skill level 5 in Spellcasting
   717 | D:1      | Reached XP level 3. HP: 25/25 MP: 3/9
  1383 | D:2      | Reached skill level 1 in Invocations
  1958 | D:2      | Reached skill level 1 in Fighting
  1958 | D:2      | Reached skill level 1 in Short Blades
  1958 | D:2      | Reached skill level 1 in Long Blades
  1958 | D:2      | Reached skill level 1 in Axes
  1958 | D:2      | Reached skill level 1 in Maces & Flails
  1958 | D:2      | Reached skill level 1 in Polearms
  1958 | D:2      | Reached skill level 1 in Staves
  1958 | D:2      | Reached skill level 1 in Ranged Weapons
  1958 | D:2      | Reached skill level 1 in Throwing
  1958 | D:2      | Reached skill level 1 in Armour
  1958 | D:2      | Reached skill level 1 in Shields
  1958 | D:2      | Reached skill level 1 in Unarmed Combat
  1958 | D:2      | Reached skill level 1 in Evocations
  2150 | D:2      | Reached XP level 4. HP: 32/32 MP: 7/11
  2678 | D:3      | Reached skill level 1 in Hexes
  2678 | D:3      | Reached skill level 1 in Summonings
  2678 | D:3      | Reached skill level 1 in Necromancy
  2678 | D:3      | Reached skill level 1 in Translocations
  2678 | D:3      | Reached skill level 1 in Transmutations
  2678 | D:3      | Reached skill level 1 in Ice Magic
  2678 | D:3      | Reached skill level 1 in Air Magic
  2678 | D:3      | Reached skill level 1 in Earth Magic
  2678 | D:3      | Reached skill level 1 in Poison Magic
  3037 | D:3      | Noticed Ijyb
  3046 | D:3      | Killed Ijyb
  3047 | D:3      | Reached XP level 5. HP: 32/37 MP: 1/12
  3899 | D:4      | Noticed a sky beast
  3906 | D:4      | Killed a sky beast
  3907 | D:4      | Reached skill level 5 in Dodging
  3907 | D:4      | Reached XP level 6. HP: 44/44 MP: 5/14
  4683 | D:4      | Learned a level 3 spell: Inner Flame
  5131 | D:4      | Reached XP level 7. HP: 51/51 MP: 5/15
  5655 | D:5      | Entered Level 5 of the Dungeon
  5724 | D:5      | Reached skill level 5 in Stealth
  5842 | D:5      | Learned a level 3 spell: Kindle Blastsparks
  6261 | D:5      | Found an ornate altar of the Wu Jian Council.
  6356 | D:5      | Reached XP level 8. HP: 35/58 MP: 4/16
  6492 | D:5      | Identified the +0 scale mail of the Evening Star {Rampage
                  | Stlth+}
  7225 | D:6      | Noticed an orange demon
  7277 | D:6      | Noticed a wizard
  7278 | D:6      | Found a transporter.
  7283 | D:6      | Found a one-way gate to the infinite horrors of the Abyss.
  7305 | D:6      | Found a transporter.
  7530 | D:6      | Noticed bmack86's ghost (novice MiFi)
  7594 | D:6      | Reached XP level 9. HP: 65/65 MP: 10/18
  7948 | D:7      | Found a staircase to the Ecumenical Temple.
  7965 | Temple   | Entered the Ecumenical Temple
  8041 | Temple   | Became a worshipper of Cheibriados the Contemplative
  8364 | D:7      | Learned a level 2 spell: Poisonous Vapours
  8603 | D:7      | Noticed Joseph
  8831 | D:7      | Found a glowing golden altar of the Shining One.
  9179 | D:7      | HP: 3/65 [Joseph/sling bullet (20)]
  9179 | D:7      | Shot with a sling bullet by Joseph

Illustrated notes

Levels and vault maps discovered:
D:1:      dpeg_arrival_central, layout_basic
D:2:      layout_loops_ring, dreamdust_princess_bridge
D:3:      layout_loops_cross, uniq_ijyb
D:4:      layout_basic
D:5:      layout_basic, kennysheep_mini, hangedman_abyss_or_decor_lesser_grid
D:6:      layout_basic, gammafunk_ghost_abyssal_escape
D:7:      layout_rooms, mainiacjoe_overflow_brackets, minmay_temple_entry_mist,
          uniq_joseph
Temple:   eino_temple_rhombus

Skill      XL: |  1  2  3  4  5  6  7  8  9 |
---------------+----------------------------+-----
Conjurations   | 2 3 4 |  4.2
Spellcasting   | 5 6 |  6.7
Invocations    | 1 2 3 4 |  4.7
Fighting       | 1 2 3 4 |  4.3
Short Blades   | 1 2 3 4 |  4.3
Long Blades    | 1 2 3 4 |  4.3
Axes           | 1 2 3 4 |  4.3
Maces & Flails | 1 2 3 4 |  4.3
Polearms       | 1 2 3 4 |  4.3
Staves         | 1 2 3 4 |  4.3
Ranged Weapons | 1 2 3 4 |  4.3
Throwing       | 1 2 3 4 |  4.3
Armour         | 1 2 3 4 |  4.3
Shields        | 1 2 3 4 |  4.3
Unarmed Combat | 1 2 3 4 |  4.3
Evocations     | 1 2 3 4 |  4.3
Hexes          | 1 2 3 |  3.5
Summonings     | 1 2 3 |  3.5
Necromancy     | 1 2 3 |  3.5
Translocations | 1 2 3 |  3.5
Transmutations | 1 2 3 |  3.5
Ice Magic      | 1 2 3 |  3.5
Air Magic      | 1 2 3 |  3.5
Earth Magic    | 1 2 3 |  3.5
Poison Magic   | 1 2 3 |  3.5
Dodging        | 5 6 |  6.3
Stealth        | 5 6 |  6.1
Fire Magic     | 6 |  6.6

Action                   |  1- 3 |  4- 6 |  7- 9 || total
-------------------------+-------+-------+-------++-------
Melee: Short sword       |     5 |       |       ||     5
       Bite              |     1 |     1 |     3 ||     5
       Staff             |     1 |     8 |    14 ||    23
       Punch             |       |     1 |       ||     1
 Cast: Foxfire           |    92 |   165 |    72 ||   329
       Scorch            |    12 |     4 |     5 ||    21
       Inner Flame       |       |     3 |    20 ||    23
       Kindle Blastspark |       |       |    27 ||    27
       Poisonous Vapours |       |       |    22 ||    22
  Use: Scroll            |       |       |     3 ||     3
Armor: Robe              |    10 |     5 |     9 ||    24
Dodge: Dodged            |    21 |    15 |    44 ||    80
Block: Buckler           |       |       |    15 ||    15

Table legend: (Time is in decaauts)
 A = Elapsed time spent in this place.
 B = Non-inter-level travel time spent in this place.
 C = Inter-level travel time spent in this place.
 D = Time resting spent in this place.
 E = Time spent auto-exploring this place.
 F = Levels seen in this place.
 G = Mean time per level.
                   A        B        C        D        E       F      G
               +--------+--------+--------+--------+--------+-----+--------+
         Total |   9293 |   9075 |    218 |      0 |   7974 |   8 | 1161.6 |
       Dungeon |   9071 |   8886 |    185 |      0 |   7804 |   7 | 1295.9 |
        Temple |    221 |    188 |     33 |      0 |    169 |   1 |  221.0 |
               +--------+--------+--------+--------+--------+-----+--------+

Top non-repeatable levels by time:
     D:4: 1755 daAuts
     D:6: 1616 daAuts
     D:1: 1323 daAuts
     D:3: 1299 daAuts
     D:2: 1277 daAuts
     D:5: 914 daAuts
     D:7: 886 daAuts
  Temple: 221 daAuts
